 Dungeon Crawl Stone Soup version 0.28-a0-779-g3d1f99b579 (webtiles) character file.

Game seed: 15890679627484581919

496 ytrimaz the Skirmisher (level 6, -9/49 HPs)
             Began as a Demonspawn Fighter on Nov 2, 2021.
             Was a Believer of Dithmenos.
             Mangled by an ogre (16 damage)
             ... on level 4 of the Dungeon.
             The game lasted 00:04:09 (4753 turns).

ytrimaz the Skirmisher (Demonspawn Fighter)         Turns: 4753, Time: 00:04:10

Health: -9/49      AC:  7    Str: 20    XL:     6   Next: 93%
Magic:  8/8        EV: 12    Int:  9    God:    Dithmenos [**....]
Gold:   180        SH:  5    Dex: 13    Spells: 5/5 levels left

rFire   . . .      SeeInvis .   a - +1 rapier
rCold   . . .      Faith    .   c - +0 buckler
rNeg    . . .      Spirit   .   k - +0 leather armour
rPois   .          Reflect  .   (no helmet)
rElec   .          Harm     .   j - +0 cloak
rCorr   .          Rampage  .   (no gloves)
Will    .....                   (no boots)
Stlth   +.........              (no amulet)
HPRegen 0.16/turn               (no ring)
MPRegen 0.11/turn               (no ring)

@: wreathed by umbra
A: sharp scales 3, talons 1, strong 1
a: Renounce Religion, Shadow Step


You were on level 4 of the Dungeon.
You worshipped Dithmenos.
Dithmenos was pleased with you.
You visited 1 branch of the dungeon, and saw 5 of its levels.

You collected 180 gold pieces.

Inventory:

Hand Weapons
 a - a +1 rapier (weapon)
Armour
 c - a +0 buckler (worn)
 j - a +0 cloak (worn)
 k - a +0 leather armour (worn)
Wands
 i - a wand of mindburst (18)
 m - a wand of flame (7)
Scrolls
 f - a scroll of identify
 h - 3 scrolls of amnesia
 l - 3 scrolls of vulnerability
 o - a scroll of enchant weapon
Potions
 b - a potion of mutation
 n - a potion of haste {unknown}


   Skills:
 * Level 4.7 Fighting
 - Level 1.7 Short Blades
 + Level 4.0 Armour
 * Level 3.1 Dodging
 + Level 3.5 Shields
 * Level 3.3 Invocations


You had 5 spell levels left.
You didn't know any spells.
Your spell library contained the following spells:

 Spells                   Type           Power      Damage    Failure   Level
 Foxfire                  Conj/Fire      0%         2x1d4     45%         1
 Conjure Flame            Conj/Fire      0%         6-21      83%         3
 Inner Flame              Hex/Fire       0%         N/A       83%         3
 Flame Wave               Conj/Fire      0%         3d3       99%         4


Dungeon Overview and Level Annotations

Branches:
Dungeon (5/15)
 Temple: D:4-7

Altars:
Dithmenos
Kikubaaqudgha
Xom


Innate Abilities, Weirdness & Mutations

You are completely covered in razor-sharp scales. (AC +3, Slay +3)
You have sharp toenails.
Your muscles are strong. (Str +2)


Message History

You are too injured to fight recklessly!
You are too injured to fight recklessly!
You are too injured to fight recklessly!
You are too injured to fight recklessly!
You hit the gnoll. You claw the gnoll!
The gnoll is almost dead.
The gnoll closely misses you.
You puncture the gnoll!
You kill the gnoll!
Dithmenos accepts your kill.
You see here a +0 flail.
There is a stone staircase leading down here.
You start resting.
You start resting.
HP restored.
You climb downwards.
The ogre hits you with a +0 giant club!
There is a stone staircase leading up here.
You barely miss the ogre. You claw the ogre.
The ogre is lightly wounded.
The ogre hits you with a +0 giant club!!
You closely miss the ogre. Your kick misses the ogre.
The ogre is lightly wounded.
The ogre barely misses you.
You hit the ogre.
The ogre is moderately wounded.
The ogre hits you with a +0 giant club!
* * * LOW HITPOINT WARNING * * *
You hit the ogre. You claw the ogre.
The ogre is heavily wounded.
You puncture the ogre! You claw the ogre.
The ogre is almost dead.
The ogre misses you.
You barely miss the ogre.
The ogre is almost dead.
The ogre hits you with a +0 giant club.
* * * LOW HITPOINT WARNING * * *
You barely miss the ogre.
The ogre is almost dead.
The ogre hits you with a +0 giant club!
You die...

..≈≈# #.#.#...###.....##
.≈≈≈# #........##.....##
≈≈≈## ###......##.....##
≈≈## ##.....#####.### ###
##...## #<# # ##.#####
#.# # #.....# #.# # ###
#################.###.###
..# #......O@....#
#.##..... #.#####
#.####.#####.# #.##..###
......# #.####.#####.#
#.##...#
...##.###.#.......##O#
#......#
..........#.##)......#
###....#
#...#.##..#.##.......#
#...##
#...#.##........#.#.##
#...#
#...#.......###.#.#.#
#...# ....####.####
#..#..# #...#


You could see an ogre.

Vanquished Creatures
  A black bear (D:4)
  A phantom (D:5)
  A centaur zombie (D:4)
  2 hounds
  A jelly (D:4)
  An orc priest (D:4)
  Ijyb (D:4)
  6 gnolls
  An ufetubus (D:3)
  An adder skeleton (D:4)
  2 worms
  2 dart slugs
  2 orcs (D:4)
  A ball python (D:1)
  7 endoplasms
  3 giant cockroaches
  12 goblins
  7 hobgoblins
  7 jackals
  2 quokkas
  7 bats
  4 frilled lizards
  4 kobolds
  5 rats
81 creatures vanquished.

Notes
Turn   | Place    | Note
-------+----------+-------------------------------------------
     0 | D:1      | ytrimaz the Demonspawn Fighter began the quest for the Orb.
     0 | D:1      | Reached XP level 1. HP: 18/18 MP: 1/1
    58 | D:1      | Found a faded altar of an unknown god.
    81 | D:1      | Prayed at the altar of an unknown god.
    81 | D:1      | Became a worshipper of Dithmenos the Shadowed
    81 | D:1      | Reached * piety under Dithmenos
   182 | D:1      | Gained mutation: You are partially covered in razor-sharp
                  | scales. (AC +1, Slay +1) [demonic ancestry]
   182 | D:1      | Reached XP level 2. HP: 10/24 MP: 2/2
   855 | D:2      | Gained mutation: You are mostly covered in razor-sharp
                  | scales. (AC +2, Slay +2) [demonic ancestry]
   855 | D:2      | Reached XP level 3. HP: 29/29 MP: 3/3
   913 | D:2      | Reached skill level 1 in Invocations
   943 | D:2      | Reached skill level 1 in Dodging
  1087 | D:2      | Gained mutation: You are completely covered in razor-sharp
                  | scales. (AC +3, Slay +3) [demonic ancestry]
  1087 | D:2      | Reached XP level 4. HP: 37/37 MP: 5/5
  1180 | D:2      | Reached ** piety under Dithmenos
  1621 | D:3      | Gained mutation: Your muscles are strong. (Str +2) [potion
                  | of mutation]
  1621 | D:3      | Gained mutation: You have sharp toenails. [potion of
                  | mutation]
  2307 | D:3      | Found a shimmering altar of Xom.
  2396 | D:3      | Found an ancient bone altar of Kikubaaqudgha.
  2943 | D:4      | Reached XP level 5. HP: 38/42 MP: 6/6
  3501 | D:4      | Noticed Ijyb
  3512 | D:4      | Killed Ijyb
  3652 | D:4      | Reached XP level 6. HP: 25/49 MP: 6/8
  4071 | D:5      | Entered Level 5 of the Dungeon
  4097 | D:5      | HP: 2/49 [poisoned by a gnoll]
  4103 | D:5      | Noticed a yak
  4104 | D:5      | Noticed a yak
  4753 | D:4      | Mangled by an ogre

Illustrated notes

Levels and vault maps discovered:
D:1:      amcnicky_arrival_choice, layout_basic, basic_ecumenical_altar
D:2:      layout_basic
D:3:      layout_basic, mainiacjoe_overflow_six_doors_small,
          kiku_gazebo_garden_becter
D:4:      kennysheep_goblin_castle, layout_loops_cross
D:5:      layout_loops_corners, nicolae_overflow_crystal_walls,
          worldfamousw_hep_ancestral_shrine, minmay_temple_entry_hall,
          chequers_jeans, minmay_fractal_squares_diagonal_5

Skill      XL: |  1  2  3  4  5  6 |
---------------+-------------------+-----
Armour         | 3 4 |  4.0
Invocations    | 1 2 3 |  3.3
Dodging        | 1 2 3 |  3.1
Shields        | 3 |  3.5
Fighting       | 4 |  4.7
Short Blades   | |  1.7

Action                   |  1- 3 |  4- 6 || total
-------------------------+-------+-------++-------
Melee: Rapier            |   100 |   148 ||   248
       Kick              |       |    32 ||    32
  Use: Scroll            |       |     5 ||     5
       Potion            |       |     4 ||     4
Armor: Scale mail        |    42 |     2 ||    44
       Leather armour    |       |    70 ||    70
Dodge: Dodged            |    53 |   129 ||   182
Block: Buckler           |    15 |    44 ||    59

Table legend: (Time is in decaauts)
 A = Elapsed time spent in this place.
 B = Non-inter-level travel time spent in this place.
 C = Inter-level travel time spent in this place.
 D = Time resting spent in this place.
 E = Time spent auto-exploring this place.
 F = Levels seen in this place.
 G = Mean time per level.
                   A        B        C        D        E       F      G
               +--------+--------+--------+--------+--------+-----+--------+
         Total |   4791 |   4657 |    134 |   1068 |   2865 |   5 |  958.2 |
       Dungeon |   4791 |   4657 |    134 |   1068 |   2865 |   5 |  958.2 |
               +--------+--------+--------+--------+--------+-----+--------+

Top non-repeatable levels by time:
     D:3: 1635 daAuts
     D:4: 1196 daAuts
     D:2: 1051 daAuts
     D:1: 856 daAuts
     D:5: 52 daAuts
